 Dungeon Crawl Stone Soup version 0.24.0-37-gcf1ca852f1 (webtiles) character file.

Game seed: 13103010861253995184, levelgen mode: deterministic

40 Ahmontep the Conjurer (level 3, -1/24 HPs)
             Began as a Mummy Conjurer on Dec 3, 2019.
             Slain by a gnoll
             ... wielding a +0 halberd
              (12 damage)
             ... on level 2 of the Dungeon.
             The game lasted 00:03:01 (1239 turns).

Ahmontep the Conjurer (Mummy Conjurer)              Turns: 1239, Time: 00:03:01

Health: -1/24      AC:  2    Str: 11    XL:     3   Next: 30%
Magic:  2/7        EV: 12    Int: 15    God:
Gold:   47         SH:  0    Dex: 12    Spells: 4/7 levels left

rFire    x . .     SeeInvis .   (no weapon)
rCold    + . .     Gourm    .   (no shield)
rNeg     + + +     Faith    .   a - +0 robe
rPois    ∞         Spirit   .   (no helmet)
rElec    .         Reflect  .   (no cloak)
rCorr    .         Harm     .   (no gloves)
MR       .....                  (no boots)
Stlth    ++........             (no amulet)
HPRegen  0.08/turn              (no ring)
MPRegen  0.10/turn              (no ring)

@: no status effects
A: no food or potions, fire vulnerability, cold resistance 1, negative energy
resistance 3, torment resistance, unbreathing
a: no special abilities


You were on level 2 of the Dungeon.
You were not hungry.

You visited 1 branch of the dungeon, and saw 2 of its levels.

You collected 47 gold pieces.

Inventory:

Armour
 a - a +0 robe (worn)
Scrolls
 b - 2 scrolls of immolation {unknown}
 c - a scroll of amnesia {unknown}
 d - 3 scrolls of identify {unknown}
 e - 2 scrolls of fear {unknown}
 f - a scroll of enchant weapon {unknown}
 g - 3 scrolls of magic mapping {unknown}


   Skills:
 - Level 1.5 Dodging
 - Level 1.5 Stealth
 - Level 2.6 Spellcasting
 + Level 4.3 Conjurations


You had 4 spell levels left.
You knew the following spells:

 Your Spells              Type           Power        Failure   Level  Hunger
a - Magic Dart            Conj           ##..         3%          1    N/A
b - Searing Ray           Conj           ##....       5%          2    N/A

Your spell library contained the following spells:

 Spells                   Type           Power        Failure   Level  Hunger
 Dazzling Spray           Conj/Hex       #.....       26%         3    N/A
 Iskenderun's Mystic Bla  Conj           ##......     34%         4    N/A
 Force Lance              Conj/Tloc      #.......     65%         4    N/A
 Fulminant Prism          Conj/Hex       #.........   65%         4    N/A

Dungeon Overview and Level Annotations

Branches:
Dungeon (2/15)

Altars:


Innate Abilities, Weirdness & Mutations

You do not eat or drink.
Your flesh is vulnerable to fire.
You are immune to poison.
Your flesh is cold resistant. (rC+)
You are immune to negative energy. (rN+++)
You are immune to unholy pain and torment.
You can survive without breathing.


Message History

Casting: Magic Dart (safe; 3% risk of failure)
Confirm with . or Enter, or press ? or * to list all spells.
Aiming: Searing Ray (safe; 6% risk of failure)
Press: ? - help, Shift-Dir - straight line, f - hobgoblin
Aim: a hobgoblin, wielding a +0 club The searing ray hits the hobgoblin.
The hobgoblin is almost dead. (Press . to maintain the ray.)
The hobgoblin hits you with a +0 club.
The searing ray hits the hobgoblin.
You kill the hobgoblin!
The searing ray hits the gnoll.
The gnoll is heavily wounded.
The gnoll barely misses you. The gnoll closely misses you.
The searing ray hits the gnoll!
You kill the gnoll!
The searing ray misses the adder.
You finish channeling your searing ray.
The gnoll hits you from afar with a +0 halberd!
Ouch! That really hurt!
You die...

#..##.... #...#... .
#)#.#... .<#......
.........
........#+#
##......#.#
...w...@#.#
###+###S#.###.#
#ggg.....# #
#.S..########
#.##...........#
#..............# .
####...>.......#
..######...........#
..w..).............#


You could see a worm, 3 gnolls and 2 adders.

Vanquished Creatures
  A gnoll (D:2)
  An ooze (D:1)
  A dart slug (D:1)
  A ball python (D:1)
  A giant cockroach (D:1)
  5 hobgoblins
  3 jackals (D:1)
  2 bats (D:1)
  3 frilled lizards (D:1)
  4 kobolds (D:1)
  5 rats (D:1)
27 creatures vanquished.

Notes
Turn   | Place    | Note
-------+----------+-------------------------------------------
     0 | D:1      | Ahmontep the Mummy Conjurer began the quest for the Orb.
     0 | D:1      | Reached XP level 1. HP: 13/13 MP: 4/4
   363 | D:1      | Reached XP level 2. HP: 16/19 MP: 0/5
   403 | D:1      | Learned a level 2 spell: Searing Ray
   957 | D:1      | Reached skill level 4 in Conjurations
  1109 | D:1      | Reached XP level 3. HP: 24/24 MP: 2/7
  1219 | D:1      | You fall into a shaft and drop 1 floor!
  1239 | D:2      | Slain by a gnoll

Levels and vault maps discovered:
D:1:      onia_arrival_handbag, layout_basic
D:2:      layout_basic

Skill      XL: |  1  2 |
---------------+-------+-----
Conjurations   | 4 |  4.3
Dodging        | |  1.5
Stealth        | |  1.5
Spellcasting   | |  2.6

Action                   || total
-------------------------++-------
Melee: Unarmed           ||    13
 Cast: Magic Dart        ||    36
       Searing Ray       ||     6
Armor: Robe              ||     6
Dodge: Dodged            ||    39
